 Dungeon Crawl Stone Soup version 0.28.0-45-g0d030f2227 (webtiles) character file.

Game seed: 11669419399724436531

114 pkoi the Charlatan (level 4, -1/34 HPs)
             Began as a Demigod Artificer on Apr 22, 2022.
             Succumbed to an orc's poison
             ... on level 3 of the Dungeon.
             The game lasted 00:04:03 (3611 turns).

pkoi the Charlatan (Demigod Artificer)              Turns: 3611, Time: 00:04:03

Health: -1/34      AC: 12    Str: 13    XL:     4   Next: 41%
Magic:  6/6        EV:  3    Int: 17    God:
Gold:   177        SH:  0    Dex: 14    Spells: 3/3 levels left

rFire   . . .      SeeInvis .   q - +0 whip (freeze)
rCold   . . .      Faith    .   (no shield)
rNeg    . . .      Spirit   .   g - +0 plate armour
rPois   .          Reflect  .   (no helmet)
rElec   .          Harm     .   n - +0 cloak
rCorr   .          Rampage  .   (no gloves)
Will    .....                   i - +0 pair of boots
Stlth   ..........              (no amulet)
HPRegen 0.11/turn               (no ring)
MPRegen 0.10/turn               (no ring)

@: lethally poisoned (-1 -> -22), flying
A: high MP 1, forlorn, divine attributes
a: no special abilities


You were on level 3 of the Dungeon.
You visited 1 branch of the dungeon, and saw 3 of its levels.

You collected 177 gold pieces.

Inventory:

Hand Weapons
 a - a +0 club
 f - a +0 whip
 q - a +0 whip of freezing (weapon)
Armour
 b - a +0 leather armour
 g - a +0 plate armour (worn)
 i - a +0 pair of boots (worn)
 n - a +0 cloak (worn)
Wands
 c - a wand of flame (11) (quivered)
 d - a wand of charming (15)
Scrolls
 h - 2 scrolls of identify
 j - 3 scrolls of amnesia {unknown}
 o - a scroll of teleportation {unknown}
 p - a scroll of silence {unknown}
Potions
 k - a potion of haste
 m - 3 potions of curing {unknown}
Miscellaneous
 e - a piece from Xom's chessboard (15/15)


   Skills:
 - Level 0.8 Fighting
 - Level 1.7 Armour
 - Level 0.8 Dodging
 - Level 0.8 Stealth
 + Level 2.7 Unarmed Combat
 + Level 4.0 Evocations


You had 3 spell levels left.
You didn't know any spells.
Your spell library was empty.

Dungeon Overview and Level Annotations

Branches:
Dungeon (3/15)

Shops:
D:3 *


Innate Abilities, Weirdness & Mutations

You have an increased reservoir of magic. (+10% MP)
You shall have no god before yourself.
Your divine heritage dramatically boosts your attributes as you level up.


Message History

The orc hits you but does no damage.
You are more poisoned.
There is a stone staircase leading up, spattered with blood here.
Unknown command.
You closely miss the orc.
You feel very sick.
The orc hits you with a +2 dagger of venom.
* * * LOW HITPOINT WARNING * * *
You are more poisoned.
You closely miss the orc.
* * * LOW HITPOINT WARNING * * *
You feel very sick.
The orc hits you with a +2 dagger of venom.
* * * LOW HITPOINT WARNING * * *
You barely miss the orc.
* * * LOW HITPOINT WARNING * * *
You feel very sick. The orc hits you but does no damage.
You are more poisoned.
Unknown command.
Aiming: Throw Flame
Press: ? - help, Shift-Dir - straight line, f - orc
Aim: an orc, wielding a +2 dagger of venom (71% to hit)
The puff of flame hits the orc.
The orc is severely wounded.
* * * LOW HITPOINT WARNING * * *
You feel very sick. The orc hits you but does no damage.
You are more poisoned.
Aiming: Throw Flame
Press: ? - help, Shift-Dir - straight line, f/p - orc
Aim: an orc, wielding a +2 dagger of venom (severely wounded, 71% to hit)
The puff of flame hits the orc.
You kill the orc!
* * * LOW HITPOINT WARNING * * *
You feel very sick.
It was a potion of flight.
You feel very buoyant.
You fly up into the air.
You die...

.........†.............#
............###........#
..######..### #........#
..# ##.># #........# ..#
#...# ###.###### ..#
#...# ##.######
g######..## #.......#
.o.......# #)[.....#
.......### #@......#
...o...# #.......#
.......# ####.......#
......#######..........#
.......g.g.oo.##########
.....##########
.......##### #####
...........###...#
.................#


There were no monsters in sight!

Vanquished Creatures
  An adder (D:2)
  2 gnolls
  5 dart slugs
  4 orcs
  9 ball pythons
  6 endoplasms
  5 giant cockroaches
  4 goblins
  2 hobgoblins (D:1)
  3 jackals (D:2)
  6 kobolds
  3 quokkas
  6 bats
  10 frilled lizards
  5 rats
71 creatures vanquished.

Vanquished Creatures (others)
  6 plants (D:2)
6 creatures vanquished.

Grand Total: 77 creatures vanquished

Notes
Turn   | Place    | Note
-------+----------+-------------------------------------------
     0 | D:1      | pkoi the Demigod Artificer began the quest for the Orb.
     0 | D:1      | Reached XP level 1. HP: 15/15 MP: 3/3
     3 | D:1      | Noticed an electric eel
     4 | D:1      | Noticed an electric eel
   417 | D:1      | Reached skill level 1 in Unarmed Combat
   417 | D:1      | Reached skill level 3 in Evocations
   425 | D:1      | Reached XP level 2. HP: 21/22 MP: 4/4
  1042 | D:1      | Reached XP level 3. HP: 20/27 MP: 5/5
  2328 | D:3      | Found Saliosu's Assorted Antiques.
  2400 | D:2      | Reached XP level 4. HP: 22/34 MP: 6/6
  3347 | D:3      | Reached skill level 4 in Evocations
  3611 | D:3      | Succumbed to an orc's poison

Illustrated notes

Levels and vault maps discovered:
D:1:      arrival_aquarium_b, layout_rooms
D:2:      layout_basic, minmay_lizard_king
D:3:      layout_rooms, serial_shops, shop_statue, lemuel_old_faithful

Skill      XL: |  1  2  3  4 |
---------------+-------------+-----
Unarmed Combat | 1 2 |  2.7
Evocations     | 3 4 |  4.0
Fighting       | |  0.8
Armour         | |  1.7
Dodging        | |  0.8
Stealth        | |  0.8

Action                   |  1- 3 |  4- 6 || total
-------------------------+-------+-------++-------
Melee: Whip              |   253 |    63 ||   316
       Club              |     6 |       ||     6
       Punch             |     8 |       ||     8
Evoke: Wand              |     2 |     2 ||     4
  Use: Scroll            |     3 |       ||     3
       Potion            |       |     1 ||     1
Armor: Plate armour      |   281 |    63 ||   344
Dodge: Dodged            |    67 |     5 ||    72
